 Dungeon Crawl Stone Soup version bcrawl-1.27.5 (webtiles) character file.

Game seed: 784246277727771652

167243 Freyura the Twirler (level 4, -1/33 HPs)
             Began as a Demonspawn Gladiator on Aug 20, 2020.
             Succumbed to an orc's poison
             ... on level 2 of the Dungeon.
             The game lasted 00:04:28 (1046 turns).

Freyura the Twirler (Demonspawn Gladiator)          Turns: 1046, Time: 00:04:29

Health: -1/33      AC:  8    Str: 15    XL:     4   Next: 7%
Magic:  4/4        EV: 13    Int: 14    God:
Gold:   171        SH:  0    Dex: 15    Spells: 3/3 levels left

rFire    + . .     SeeInvis .   a - +1 quarterstaff
rCold    . . .     Gourm    .   (shield currently unavailable)
rNeg     . . .     Faith    .   g - +1 ring mail {rF+}
rPois    .         Spirit   .   c - +0 helmet
rElec    .         Reflect  .   (no cloak)
rCorr    .         Harm     .   i - +0 pair of gloves
MR       .....                  (no boots)
Stlth    +.........             (no amulet)
HPRegen  0.11/turn              (no ring)
MPRegen  0.09/turn              (no ring)

@: brilliant, lethally poisoned (-1 -> -20)
A: sturdy frame 3
a: no special abilities


You were on level 2 of the Dungeon.
You were not hungry.

You visited 1 branch of the dungeon, and saw 2 of its levels.

You collected 171 gold pieces.

Inventory:

Hand Weapons
 a - a +1 quarterstaff (weapon)
Missiles
 d - 3 throwing nets {=f}
Armour
 c - a +0 helmet (worn)
 g - a +1 ring mail of fire resistance (worn)
 i - a +0 pair of gloves (worn)
Scrolls
 b - a scroll of remove curse {unknown}
 f - a scroll of identify
Potions
 h - a potion of curing {unknown}
 k - 2 potions of magic
Comestibles
 e - 5 rations {!d}


   Skills:
 + Level 2.2 Fighting
 * Level 4.0 Staves
 - Level 1.7 Throwing
 + Level 0.1 Armour
 + Level 3.1 Dodging


You had 3 spell levels left.
You didn't know any spells.
Your spell library was empty.

Dungeon Overview and Level Annotations

Branches:
Dungeon (2/12)

Altars:


Innate Abilities, Weirdness & Mutations

Your movements are significantly less encumbered by armour. (ER -6)


Message History

You are more poisoned.
You feel sick. The orc hits you but does no damage.
You are lethally poisoned!
The worm bites you but does no damage.
You see here a bat corpse.
You closely miss the orc.
You feel very sick. The orc barely misses you. The worm bites you!
* * * LOW HITPOINT WARNING * * *
You closely miss the orc.
* * * LOW HITPOINT WARNING * * *
You feel sick. The orc barely misses you.
You hit the orc.
The orc is heavily wounded.
* * * LOW HITPOINT WARNING * * *
You feel sick. The orc barely misses you.
The worm bites you but does no damage.
It was a potion of brilliance.
You feel clever all of a sudden.
You die...

#.####.# .## ..
##.##.#.##########.. ...
...................##..
.................?..>###
.#.#..#.###.#####.......
................#.......
.#....####....#......#
...............?.....#
.....[##.......<@....#
.#..............ow...#
.#.#..###.#...#.........
...#....................
......#..............##.
...#..#.......#......J.
..#_#........##......#..
...#......#.# #......#..
............. ........


You could see a worm, an ooze and an orc.

Vanquished Creatures
  Jessica (D:2)
  A worm (D:2)
  A dart slug (D:1)
  5 leopard geckos
  5 bats
  A giant cockroach (D:1)
  3 goblins
  6 hobgoblins
  5 frilled lizards
  6 kobolds
  4 rats (D:1)
38 creatures vanquished.

Vanquished Creatures (others)
  7 toadstools (D:2)
7 creatures vanquished.

Grand Total: 45 creatures vanquished

Notes
Turn   | Place    | Note
-------+----------+-------------------------------------------
     0 | D:1      | Freyura the Demonspawn Gladiator began the quest for the
                  | Orb.
     0 | D:1      | Reached XP level 1. HP: 16/16 MP: 1/1
   178 | D:1      | Reached skill level 3 in Staves
   238 | D:1      | Gained mutation: Your movements are slightly less
                  | encumbered by armour. (ER -2) [demonic ancestry]
   238 | D:1      | Reached XP level 2. HP: 22/22 MP: 2/2
   475 | D:1      | Gained mutation: Your movements are less encumbered by
                  | armour. (ER -4) [demonic ancestry]
   475 | D:1      | Reached XP level 3. HP: 27/27 MP: 3/3
   914 | D:2      | Found a faded altar of an unknown god.
   918 | D:2      | Noticed Jessica
   929 | D:2      | Killed Jessica
   929 | D:2      | Reached skill level 4 in Staves
   929 | D:2      | Gained mutation: Your movements are significantly less
                  | encumbered by armour. (ER -6) [demonic ancestry]
   929 | D:2      | Reached XP level 4. HP: 16/33 MP: 4/4
  1045 | D:2      | HP: 1/33 [poisoned by an orc]
  1046 | D:2      | Succumbed to an orc's poison

Skill      XL: |  1  2  3 |
---------------+----------+-----
Staves         | 3 4 |  4.0
Dodging        | 3 |  3.1
Fighting       | |  2.2
Throwing       | |  1.7
Armour         | |  0.1

Action                   |  1- 3 |  4- 6 || total
-------------------------+-------+-------++-------
Melee: Quarterstaff      |   106 |    15 ||   121
  Use: Scroll            |     5 |       ||     5
       Potion            |       |     1 ||     1
  Eat: Chunk             |     3 |     1 ||     4
Armor: Ring mail         |    38 |    10 ||    48
       Leather armour    |     2 |       ||     2
Dodge: Dodged            |    77 |    13 ||    90
